 Dungeon Crawl Stone Soup version 0.31.0-11-ge490571c62 (webtiles) character file.

Game seed: 8944754979007214835

1788 Gadfly the Ruffian (level 9, -6/68 HPs)
             Began as a Merfolk Shapeshifter on Jan 28, 2024.
             Mangled by a gargoyle
             ... wielding a +0 mace
              (11 damage)
             ... on level 6 of the Dungeon.
             The game lasted 00:12:45 (6998 turns).

Gadfly the Ruffian (Merfolk Shapeshifter)           Turns: 6998, Time: 00:12:45

Health: -6/68      AC:  7    Str: 18    XL:     9   Next: 8%
Magic:  12/12      EV: 14    Int:  9    God:
Gold:   268        SH:  0    Dex: 14    Spells: 8/8 levels left

rFire   . .          .
                       - Unarmed
rCold   + . .        (no shield)
rNeg    . . .        a - +1 animal skin
rPois   .            u - melded +0 helmet
rElec   .            m - melded +0 cloak
rCorr   .            (gloves currently unavailable)
SInv    .            s - melded +0 pair of boots
Will    .....        k - amulet of faith
Stlth   +            j - +4 ring of protection
HPRegen 0.31/turn    n - ring of protection from cold
MPRegen 0.13/turn

%: faith
@: confused, brilliant, beast-form, ambrosia-drunk
A: beast (slay +3), (nimble swimmer 2), mertail
a: Begin Untransformation


You were on level 6 of the Dungeon.
You were a hulking beast.
You visited 1 branch of the dungeon, and saw 6 of its levels.

You collected 325 gold pieces.
You spent 57 gold pieces at shops.

Inventory:

Missiles
 b - 2 throwing nets
Armour
 a - a +1 animal skin (worn)
 m - a +0 cloak (melded)
 s - a +0 pair of boots (melded)
 u - a +0 helmet (melded)
Jewellery
 j - a +4 ring of protection (left hand)
 k - an amulet of faith (around neck)
 n - a ring of protection from cold (right hand)
Talismans
 c - a beast talisman (active)
 d - a flux talisman
Wands
 p - a wand of light (7)
 t - a wand of charming (7) (quivered)
Scrolls
 e - 3 scrolls of teleportation
 o - 2 scrolls of enchant weapon
 q - a scroll of enchant armour
 r - a scroll of identify
Potions
 f - 2 potions of might
 g - 2 potions of enlightenment
 i - a potion of curing


   Skills:
 * Level 5.4 Fighting
 + Level 5.5 Dodging
 * Level 6.4 Unarmed Combat
 * Level 5.3 Invocations
 * Level 4.9 Evocations
 + Level 6.0 Shapeshifting


You had 8 spell levels left.
You didn't know any spells.
Your spell library contained the following spells:

 Spells                   Type           Power      Damage    Failure   Level
 Call Canine Familiar     Summ           0%         N/A       77%         3
 Sigil of Binding         Hex            0%         N/A       77%         3
 Stone Arrow              Conj/Erth      0%         3d7       77%         3
 Dimensional Bullseye     Hex/Tloc       0%         N/A       99%         4
 Passage of Golubria      Tloc           0%         N/A       99%         4
 Summon Lightning Spire   Summ/Air       0%         N/A       99%         4
 Vhi's Electric Charge    Tloc/Air       0%         N/A       99%         4
 Silence                  Hex/Air        0%         N/A       100%        5
 Sculpt Simulacrum        Ice/Alch       0%         N/A       100%        6
 Ozocubu's Refrigeration  Ice            0%         4d7       100%        7
 Lehudib's Crystal Spear  Conj/Erth      0%         10d2      100%        8
 Maxwell's Capacitive Co  Air            0%         ∞         100%        8
 Polar Vortex             Ice            0%         N/A       100%        9


Dungeon Overview and Level Annotations

Branches:
Dungeon (6/15)
 Temple: D:4-7

Altars:
Nemelex Xobeh
The Shining One

Shops:
D:3 *(!([


Innate Abilities, Weirdness & Mutations

You are a hulking beast.
Your limbs bulge with bestial killing power. (Slay +3)
((You are very nimble when in or above water. (Stealth+, EV+, Speed+++)))
Your lower body shifts to a powerful aquatic tail in water.


Message History

You punch the ogre!
You kill the ogre!
Your Shapeshifting skill increases to level 6!
You hit the gargoyle but do no damage. You barely miss the gargoyle.
You punch the gargoyle.
The gargoyle is lightly damaged.
The gargoyle closely misses you.
You hit the gargoyle but do no damage.
The gargoyle is lightly damaged.
The gargoyle hurls a stone arrow at you.
The stone arrow misses you.
You hit the gargoyle but do no damage.
The gargoyle is lightly damaged.
The gargoyle barely misses you.
You hit the gargoyle but do no damage. Your punch misses the gargoyle.
The gargoyle is lightly damaged.
The gargoyle hurls a stone arrow at you.
The stone arrow hits you!
* * * LOW HITPOINT WARNING * * *
You hit the gargoyle but do no damage.
The gargoyle is lightly damaged.
The gargoyle barely misses you.
You feel better.
The gargoyle hurls a stone arrow at you.
The stone arrow misses you.
Aiming: Bolt of Light
Press: ? - help, Shift-Dir - straight line, f - gargoyle
Aim: a gargoyle, wielding a +0 mace (lightly damaged, 88% to hit)
The bolt of light hits the gargoyle.
The gargoyle is moderately damaged.
The gargoyle hurls a stone arrow at you.
The stone arrow hits you!!
* * * LOW HITPOINT WARNING * * *
It was a potion of brilliance.
You feel clever all of a sudden. The gargoyle misses you.
It was a potion of ambrosia.
You are confused.
You feel invigorated. The gargoyle hits you with a +0 mace!
You die...

##..##
##..####.>.
##........
#..#######
##.## ### #..#
###..## ##.##
........###..#
.........#h.##
..........#9##
.............#
.?...........##
.............#
............##
............#
...........##
...........#


You could see a gargoyle.

Vanquished Creatures
  Grinder (D:5)
  Eustachio (D:4)
  Menkaure (D:6)
  2 ogres
  A centaur (D:6)
  A phantom (D:5)
  2 water moccasin zombies (D:5)
  3 bullfrog zombies (D:5)
  A hound (D:5)
  A centaur zombie (D:5)
  A jelly (D:5)
  2 bullfrog skeletons (D:5)
  An orc priest (D:5)
  2 gnoll boudas (D:5)
  A scorpion zombie (D:5)
  A sleepcap (D:4)
  2 orc wizards
  A killer bee zombie (D:5)
  A hound zombie (D:5)
  A howler monkey zombie (D:5)
  19 gnolls
  13 adders
  A howler monkey skeleton (D:5)
  A shadow imp (D:5)
  An adder zombie (D:5)
  3 dart slugs
  3 ribbon worms
  4 orcs
  9 endoplasms
  3 giant cockroaches (D:2)
  4 goblins
  3 hobgoblins
  5 jackals
  2 quokkas
  7 ball pythons
  4 bats
  6 frilled lizards
  9 kobolds
  8 rats
132 creatures vanquished.

Vanquished Creatures (others)
  An orc wizard (D:3)
  2 jackals (D:5)
3 creatures vanquished.

Grand Total: 135 creatures vanquished

Notes
Turn   | Place    | Note
-------+----------+-------------------------------------------
     0 | D:1      | Gadfly the Merfolk Shapeshifter began the quest for the
                  | Orb.
     0 | D:1      | Reached XP level 1. HP: 15/15 MP: 1/1
   158 | D:1      | Reached XP level 2. HP: 19/21 MP: 2/2
   363 | D:1      | Reached skill level 1 in Invocations
   749 | D:2      | Reached XP level 3. HP: 23/26 MP: 3/3
  1149 | D:2      | Reached skill level 1 in Evocations
  1318 | D:2      | Reached XP level 4. HP: 23/33 MP: 5/5
  2350 | D:2      | Reached XP level 5. HP: 38/38 MP: 6/6
  2424 | D:2      | Found a glowing golden altar of the Shining One.
  2558 | D:3      | Found Fileiw's Antique Weapon Shop.
  2568 | D:3      | Found Xiggofie's Antique Armour Boutique.
  3430 | D:3      | Found Ogrisa's Distillery.
  3438 | D:3      | Bought a potion of degeneration for 12 gold pieces
  3444 | D:3      | Found Zuaxzoek's Weapon Shop.
  3487 | D:3      | Found Heukhef's Assorted Antiques.
  3496 | D:3      | Bought a lumpy blue potion for 21 gold pieces
  3496 | D:3      | Bought a scroll labelled TIHOXZAAPH for 24 gold pieces
  3549 | D:3      | Reached XP level 6. HP: 27/46 MP: 7/7
  4205 | D:4      | Noticed Eustachio
  4398 | D:4      | Killed Eustachio
  4399 | D:4      | Reached XP level 7. HP: 52/52 MP: 7/9
  4882 | D:5      | Entered Level 5 of the Dungeon
  4979 | D:5      | Reached skill level 5 in Shapeshifting
  5218 | D:5      | Reached skill level 5 in Unarmed Combat
  5383 | D:5      | Reached XP level 8. HP: 52/60 MP: 9/11
  5749 | D:5      | Reached skill level 5 in Dodging
  5855 | D:5      | Found a sparkling altar of Nemelex Xobeh.
  5973 | D:5      | Noticed Grinder
  6024 | D:5      | Killed Grinder
  6025 | D:5      | Reached skill level 5 in Fighting
  6769 | D:6      | Got the Papyrus of the Gusty Missiles
  6797 | D:6      | Reached skill level 5 in Invocations
  6963 | D:6      | Noticed Menkaure
  6965 | D:6      | Noticed a gargoyle
  6983 | D:6      | Killed Menkaure
  6984 | D:6      | Reached XP level 9. HP: 48/68 MP: 12/12
  6996 | D:6      | HP: 1/68 [gargoyle/stone arrow (19)]
  6998 | D:6      | Mangled by a gargoyle

Illustrated notes

Levels and vault maps discovered:
D:1:      pf_arrival_petrified_forest, layout_basic
D:2:      kennysheep_six_static_rooms, layout_loops_corners, basic_altar
D:3:      minmay_door_path, layout_basic, serial_shops, shop,
          nicolae_shop_behind_doors, nicolae_shop_waterfront,
          nicolae_shop_tiny_glass, nicolae_shop_hallway_stairs,
          nicolae_grassy_gnolls
D:4:      layout_loops_ring, uniq_eustachio
D:5:      layout_basic, mainiacjoe_overflow_concentric_impassable,
          serial_undead, serial_undead_c, serial_undead_d, serial_undead_d,
          serial_undead_a, serial_undead_a, serial_undead_a, uniq_grinder
D:6:      layout_cave_pods, minmay_temple_entry_overgrown, uniq_menkaure

Skill      XL: |  1  2  3  4  5  6  7  8  9 |
---------------+----------------------------+-----
Dodging        | 3 4 5 |  5.5
Invocations    | 1 2 3 4 5 |  5.3
Evocations     | 1 2 3 4 |  4.9
Fighting       | 2 3 4 5 |  5.4
Unarmed Combat | 4 5 6 |  6.4
Shapeshifting  | 5 6 |  6.0

Action                     |  1- 3 |  4- 6 |  7- 9 || total
---------------------------+-------+-------+-------++-------
  Melee: Unarmed           |    91 |   251 |   239 ||   581
         Punch             |     2 |    10 |    17 ||    29
Ability: Begin Untransform |       |     1 |     2 ||     3
  Evoke: Wand              |       |       |     2 ||     2
    Use: Scroll            |     3 |     9 |     1 ||    13
         Potion            |       |     4 |     3 ||     7
   Stab: Sleeping          |     3 |     1 |       ||     4
 Armour: Animal skin       |    38 |   196 |   134 ||   368
         Skin              |       |     4 |       ||     4
  Dodge: Dodged            |    51 |   179 |   178 ||   408
   Form: Beast             |       |     1 |     2 ||     3
